 Dungeon Sprint DCSS version 0.14-a0-1686-g0e827d1 (webtiles) character file.

8492 LoliLover the Conjurer (level 11, -4/108 HPs)
             Began as a Djinni Conjurer on Dec 30, 2013.
             Was the Champion of Makhleb.
             Slain by a skeletal warrior
             ... wielding a +0,+0 scimitar
              (24 damage)
             ... in the Dungeon (Sprint VII: "The Pits").
             The game lasted 00:20:30 (3378 turns).

LoliLover the Conjurer (Djinni Conjurer)            Turns: 3378, Time: 00:20:30

HP  -4/108       AC  5     Str  8      XL: 11   Next: 10%
MP   0/0         EV 15     Int 20      God: Makhleb [******]
Gold 46          SH  0     Dex 16      Spells:  4 memorised, 20 levels left

rFire  + + +     SeeInvis .     w - +0,+4 dagger (chaos)
rCold  x . .     Clarity  +     v - +2 robe {MR+}
rNeg   + + +     Conserve .     (no shield)
rPois  .         rCorr    .     (no helmet)
rElec  .         rRot     .     q - +0 dwarf cloak
SustAb . .       Spirit   .     (no gloves)
rMut   .         Warding  .     (boots unavailable)
Saprov . . .     NoTele   +     a - amulet of clarity
                                p - +3 ring of dexterity
                                h - +3 ring of evasion

@: flying, very slightly contaminated, quite resistant to hostile enchantments,
very stealthy
A: fire immunity, cold vulnerability, life protection 3
a: Minor Destruction, Lesser Servant of Makhleb, Major Destruction, Greater
Servant of Makhleb, Renounce Religion


You were in the Dungeon.
You worshipped Makhleb.
Makhleb was exalted by your worship.
You were not hungry.

You visited 1 branch You collected 46 gold pieces.

Inventory:

Hand weapons
 b - a +2,+2 dwarven dagger
 o - a +1,+2 dagger of venom
 w - a +0,+4 dagger of chaos (weapon)
Missiles
 n - 10 stones
Armour
 q - a +0 dwarven cloak (worn)
 r - a +0 pair of gloves (quivered)
 v - a +2 robe of magic resistance (worn)
Magical devices
 u - a wand of polymorph (5)
Scrolls
 j - a scroll of vulnerability
 k - 3 scrolls of remove curse
 l - 5 scrolls of amnesia
 m - a scroll of summoning
 y - 3 scrolls of identify
 A - a scroll of magic mapping
 C - 2 scrolls of blinking
 E - 2 scrolls of enchant weapon II
 F - a scroll of recharging
 G - 2 scrolls of enchant armour
 H - a scroll of fog
Jewellery
 a - an amulet of clarity (around neck)
 h - a +3 ring of evasion (left hand)
 i - an uncursed ring of fire
 p - a +3 ring of dexterity (right hand)
 z - an uncursed ring of ice
Potions
 e - 6 potions of curing
 f - a potion of speed
 g - 2 potions of magic
 s - a potion of might
 x - a potion of resistance
 D - 2 potions of brilliance
Books
 c - a book of Conjurations

   Spells                             Type                      Level
   *Magic Dart                        Conjuration                  1
   Searing Ray                        Conjuration                  2
   *Dazzling Spray                    Conjuration/Hexes            3
   *Iskenderun's Mystic Blast         Conjuration                  4
   *Iskenderun's Battlesphere         Conjuration/Charms           4
   Fulminant Prism                    Conjuration/Hexes            5


   Skills:
 + Level 8.9 Fighting
 + Level 9.9 Short Blades
 - Level 1.7 Dodging
 + Level 13.3 Stealth
 + Level 11.2 Spellcasting
 * Level 14.7 Conjurations
 - Level 5.9 Hexes


You had 20 spell levels left.
You knew the following spells:

 Your Spells              Type           Power        Failure   Level  Hunger
a - Magic Dart            Conj           ####         0%          1    None
b - Dazzling Spray        Conj/Hex       ######..     1%          3    None
c - Iskenderun's Mystic   Conj           ######..     1%          4    ##.....
d - Iskenderun's Battles  Conj/Chrm      #####...     3%          4    ##.....


Dungeon Overview and Level Annotations

Branches:
Dungeon (1/1)

Altars:
Ashenzari
Cheibriados
Elyvilon
Fedhas
Kikubaaqudgha
Makhleb
Nemelex Xobeh
Okawaru
Sif Muna
Trog
Vehumet
Xom
Yredelemnul
Zin
the Shining One
Beogh
Jiyva
Lugonu

Annotations:
D Maurice


Innate Abilities, Weirdness & Mutations

You are immune to all types of fire, even holy and hellish.
You are vulnerable to cold.
You need no food.
You have no legs.
You are immune to negative energy.


Message History

The orb of energy explodes!
The mystic blast hits the skeletal warrior.
The skeletal warrior is heavily damaged.
You are very lightly contaminated with residual magic.
The skeletal warrior misses you.
Casting: Iskenderun's Mystic Blast
Confirm with . or Enter, or press ? or * to list all spells.
Aiming: Iskenderun's Mystic Blast
Press: ? - help, Shift-Dir - straight line, f/p - skeletal warrior
Aim: a skeletal warrior, wielding a scimitar (almost destroyed)
The orb of energy hits the skeletal warrior.
The skeletal warrior is almost destroyed.
The orb of energy explodes!
The mystic blast hits the skeletal warrior.
The skeletal warrior is moderately damaged.
The mystic blast hits the skeletal warrior.
The skeletal warrior is moderately damaged.
The skeletal warrior barely misses you.
The skeletal warrior hits you with a scimitar!
You die...

#####++##########
............##..#
..#..#......##..#
............''..#
............''..##########..
..#..#......##..@z..........
.......[....##...zz.........
#####''####################
...##''##########################
...##..........#......#.......#..
...##....).....+......#.......#..
...##..#####...#####'##.......###
...##..'...#.......≈.............
...##..#...#.....≈≈)##'##........


You could see 3 skeletal warriors.

Vanquished Creatures
  2 death yaks (D)
  Urug (D)
  A large abomination (D)
  2 skeletal warriors (D)
  A lindwurm (D)
  Psyche (D)
  2 komodo dragons (D)
  A blue devil (D)
  A polar bear (D)
  A basilisk (D)
  A metal gargoyle (D)
  A flying skull (D)
  2 tarantellas (D)
  A hog (D)
  A trapdoor spider (D)
  A wraith (D)
  A steam dragon (D)
  A merfolk (D)
  A freezing wraith (D)
  A gargoyle (D)
  A porcupine (D)
  A sky beast (D)
  A black bear (D)
  A kobold demonologist (D)
  An ogre (D)
  2 gnoll sergeants (D)
  2 crocodiles (D)
  2 brain worms (D)
  4 wights (D)
  A crimson imp (D)
  An iron imp (D)
  A pulsating lump (D)
  A hound (D)
  An orc priest (D)
  A quasit (D)
  2 orc wizards (D)
  An iguana (shapeshifter) (D)
  An iguana (D)
  A worker ant (D)
  15 sheep (D)
  A lemure (D)
  4 gnolls (D)
  A giant mite (D)
  3 giant centipedes (D)
  A giant eyeball (D)
  2 orcs (D)
  A hobgoblin (D)
  2 jackals (D)
  A quokka (D)
  A ball python (D)
  4 giant newts (D)
  A kobold zombie (D)
  A rat (D)
88 creatures vanquished.

Vanquished Creatures (collateral kills)
  A fire bat (D)
  An orc (D)
2 creatures vanquished.

Vanquished Creatures (others)
  An ufetubus (D)
  An orc (D)
2 creatures vanquished.

Grand Total: 92 creatures vanquished

Notes
Turn   | Place    | Note
--------------------------------------------------------------
     0 | D        | LoliLover, the Djinni Conjurer, began the quest for the Orb.
     0 | D        | Reached XP level 1. HP: 14/14 MP: 0/0
    20 | D        | Found a basalt altar of Yredelemnul.
    20 | D        | Found a deep blue altar of Sif Muna.
    20 | D        | Found a burning altar of Makhleb.
    20 | D        | Found a shimmering altar of Xom.
    20 | D        | Found an ancient bone altar of Kikubaaqudgha.
    20 | D        | Found a sparkling altar of Nemelex Xobeh.
    21 | D        | Found a glowing golden altar of the Shining One.
    21 | D        | Found a bloodstained altar of Trog.
    21 | D        | Found a shattered altar of Ashenzari.
    21 | D        | Found a white marble altar of Elyvilon.
    21 | D        | Found a snail-covered altar of Cheibriados.
    21 | D        | Found a blossoming altar of Fedhas.
    21 | D        | Found a radiant altar of Vehumet.
    21 | D        | Found a glowing silver altar of Zin.
    21 | D        | Found a corrupted altar of Lugonu.
    21 | D        | Found a viscous altar of Jiyva.
    21 | D        | Found a roughly hewn altar of Beogh.
    21 | D        | Found an iron altar of Okawaru.
    24 | D        | Became a worshipper of Makhleb the Destroyer
    93 | D        | Acquired Makhleb's first power
    93 | D        | Reached skill level 1 in Short Blades
   104 | D        | Reached XP level 2. EP: 6/22
   106 | D        | Acquired Makhleb's second power
   116 | D        | HP: 1/22 [poisoned by a giant centipede]
   126 | D        | Noticed a fire bat
   130 | D        | Acquired Makhleb's third power
   142 | D        | Killed a fire bat
   142 | D        | Reached skill level 5 in Stealth
   142 | D        | Reached XP level 3. EP: 14/27
   142 | D        | Reached XP level 4. EP: 18/35
   294 | D        | Noticed a brain worm
   298 | D        | Noticed a brain worm
   299 | D        | Noticed a quasit
   299 | D        | Paralysed by a giant eyeball for 2 turns
   306 | D        | Acquired Makhleb's fourth power
   308 | D        | Killed a brain worm
   308 | D        | Reached skill level 5 in Short Blades
   308 | D        | Reached skill level 6 in Stealth
   308 | D        | Reached XP level 5. EP: 35/41
   315 | D        | Killed a brain worm
   315 | D        | Reached skill level 7 in Stealth
   321 | D        | Acquired Makhleb's fifth power
   327 | D        | Killed a quasit
   327 | D        | Reached skill level 8 in Stealth
   331 | D        | Noticed a basilisk
   333 | D        | Killed a basilisk
   333 | D        | Reached skill level 9 in Stealth
   333 | D        | Reached XP level 6. EP: 47/47
   335 | D        | Noticed a sky beast
   335 | D        | Noticed a gnoll sergeant
   339 | D        | Killed a gnoll sergeant
   341 | D        | Killed a sky beast
   341 | D        | Reached skill level 10 in Stealth
   341 | D        | Reached XP level 7. EP: 54/54
   347 | D        | Learned a level 3 spell: Dazzling Spray
   349 | D        | Noticed a crocodile
   349 | D        | Noticed a gnoll sergeant
   354 | D        | Reached skill level 1 in Hexes
   368 | D        | Killed a gnoll sergeant
   368 | D        | Reached skill level 5 in Conjurations
   370 | D        | Killed a crocodile
   543 | D        | Noticed a kobold demonologist
   544 | D        | Noticed Psyche
   555 | D        | Killed Psyche
   555 | D        | Reached skill level 5 in Spellcasting
   555 | D        | Reached XP level 8. EP: 41/71
   678 | D        | Noticed a worker ant
   679 | D        | Killed a kobold demonologist
   683 | D        | Noticed an iguana
   684 | D        | Noticed a black bear
   696 | D        | Killed an iguana
   701 | D        | Killed a black bear
   701 | D        | Reached skill level 11 in Stealth
   713 | D        | Learned a level 4 spell: Iskenderun's Mystic Blast
   718 | D        | Learned a level 4 spell: Iskenderun's Battlesphere
   722 | D        | Noticed a wight
   729 | D        | Killed a wight
   855 | D        | Noticed an orc wizard
   856 | D        | Noticed an orc wizard
   856 | D        | Noticed an orc priest
   856 | D        | Noticed a lindwurm
   856 | D        | Noticed a merfolk
   860 | D        | Killed an orc wizard
   868 | D        | Killed a merfolk
   876 | D        | Killed a lindwurm
   876 | D        | Reached skill level 5 in Hexes
   878 | D        | Killed an orc wizard
   882 | D        | Killed an orc priest
   886 | D        | Noticed a wight
   897 | D        | Noticed a wight
   897 | D        | Noticed a wight
   909 | D        | Killed a wight
   909 | D        | Reached XP level 9. EP: 27/84
   910 | D        | Killed a wight
   911 | D        | Killed a wight
  1150 | D        | Noticed a tarantella
  1156 | D        | Killed a tarantella
  1156 | D        | Reached skill level 5 in Fighting
  1158 | D        | Noticed a freezing wraith
  1158 | D        | Noticed a death yak
  1158 | D        | Noticed Urug
  1160 | D        | Killed Urug
  1160 | D        | Reached skill level 10 in Conjurations
  1162 | D        | Killed a death yak
  1162 | D        | Reached skill level 12 in Stealth
  1166 | D        | HP: 3/89 [freezing wraith (24)]
  1171 | D        | Killed a freezing wraith
  1405 | D        | Noticed a large abomination
  1405 | D        | Noticed a crocodile
  1415 | D        | Killed a large abomination
  1415 | D        | Reached XP level 10. EP: 58/99
  1419 | D        | Killed a worker ant
  1422 | D        | Noticed a hound
  1424 | D        | Noticed a gargoyle
  1439 | D        | Killed a crocodile
  1455 | D        | Killed a hound
  1458 | D        | Killed a gargoyle
  1742 | D        | Noticed a goliath beetle
  1742 | D        | Noticed a death yak
  1742 | D        | Noticed a polar bear
  1752 | D        | a goliath beetle changed into a hog
  1757 | D        | Killed a polar bear
  1772 | D        | Killed a death yak
  1772 | D        | Reached skill level 10 in Spellcasting
  1772 | D        | Reached skill level 13 in Conjurations
  1778 | D        | Noticed a crimson imp
  1779 | D        | Noticed a tarantella
  1780 | D        | Noticed a flying skull
  1781 | D        | Noticed an iron imp
  1790 | D        | Killed a crimson imp
  1800 | D        | Noticed a blue devil
  1803 | D        | Killed an iron imp
  1806 | D        | Killed a flying skull
  1812 | D        | Killed a blue devil
  1821 | D        | Killed a tarantella
  1924 | D        | Noticed a komodo dragon
  1932 | D        | Killed a komodo dragon
  2035 | D        | Noticed a porcupine
  2036 | D        | Noticed a steam dragon
  2036 | D        | Noticed a komodo dragon
  2037 | D        | Noticed a metal gargoyle
  2038 | D        | Noticed a trapdoor spider
  2043 | D        | Killed a porcupine
  2047 | D        | Killed a trapdoor spider
  2050 | D        | Killed a komodo dragon
  2050 | D        | Reached skill level 14 in Conjurations
  2053 | D        | Killed a steam dragon
  2308 | D        | Noticed a pulsating lump
  2308 | D        | Noticed an ogre
  2310 | D        | Killed an ogre
  2312 | D        | Killed a pulsating lump
  2384 | D        | Killed a metal gargoyle
  2659 | D        | Noticed a black draconian
  2659 | D        | Noticed a skeletal warrior
  2659 | D        | Noticed a skeletal warrior
  2769 | D        | Noticed a wraith
  2777 | D        | Killed a wraith
  2971 | D        | Noticed a skeletal warrior
  2971 | D        | Noticed a skeletal warrior
  2985 | D        | Killed a skeletal warrior
  2985 | D        | Reached XP level 11. EP: 66/108
  3118 | D        | HP: 4/108 [skeletal warrior/dwarven war axe (32)]
  3138 | D        | Killed a skeletal warrior
  3357 | D        | Noticed Maurice
  3357 | D        | Noticed a skeletal warrior
  3358 | D        | Noticed a skeletal warrior
  3358 | D        | Noticed a skeletal warrior
  3378 | D        | Slain by a skeletal warrior

Action                   |  1- 3 |  4- 6 |  7- 9 | 10-12 || total
-------------------------+-------+-------+-------+-------++-------
Melee: Dagger            |    20 |    14 |    57 |   141 ||   232
 Cast: Magic Dart        |     2 |       |       |       ||     2
       Dazzling Spray    |       |       |    31 |    25 ||    56
       Iskenderun's Myst |       |       |    10 |    18 ||    28
       Iskenderun's Batt |       |       |     1 |       ||     1
Invok: Lesser Servant of |     1 |       |       |       ||     1
Evoke: Wand              |       |       |       |     2 ||     2
       phial of floods   |       |       |       |     1 ||     1
  Use: Potion            |     5 |     1 |     7 |    12 ||    25
       Scroll            |       |       |     1 |       ||     1
 Stab: Invisible         |     1 |     6 |    11 |    10 ||    28
       Sleeping          |     2 |     6 |     4 |     2 ||    14
       Paralysed         |       |       |       |     5 ||     5
       Distracted        |       |       |       |     2 ||     2
